 Dungeon Crawl Stone Soup version 0.13.0-25-g43d4df3 (webtiles) character file.

250 Impy the Ruffian (level 4, -1/37 HPs)
             Began as a Draconian Monk on Oct 28, 2013.
             Killed by divine providence
             ... invoked by an orc priest
              (10 damage)
             ... while paralysed by a potion of paralysis
             ... on Level 3 of the Dungeon.
             The game lasted 00:04:22 (1619 turns).

Impy the Ruffian (Draconian Monk)                   Turns: 1619, Time: 00:04:22

HP  -1/37        AC  5     Str 14      XL: 4   Next:  5%
MP   3/3         EV  2     Int 11      God:
Gold 179         SH  0     Dex 13      Spells:  0 memorised,  3 levels left

Res.Fire  : . . .   See Invis. : .     - Unarmed
Res.Cold  : . . .   Warding    : .   (armour unavailable)
Life Prot.: . . .   Conserve   : .   (no shield)
Res.Poison: .       Res.Corr.  : .   (helmet restricted)
Res.Elec. : .       Clarity    : .   (no cloak)
Sust.Abil.: . .     Spirit.Shd : .   (no gloves)
Res.Mut.  : .       Stasis     : .   (no boots)
Res.Rott. : .       Flight     : .   (no amulet)
Saprovore : . . .                    (no ring)
                                     f - ring of protection from magic

@: paralysed, slowed, somewhat resistant to hostile enchantments, fairly
stealthy
A: unfitting armour, AC +5
a: no special abilities


You were on level 3 of the Dungeon.
You were not hungry.

You visited 1 branch of the dungeon, and saw 3 of its levels.

You collected 179 gold pieces.

Inventory:

Missiles
 n - a throwing net (quivered)
Comestibles
 b - 2 bread rations
 c - a pear
 q - 2 chunks of orc flesh
Scrolls
 a - 4 scrolls of identify
 d - a scroll of enchant weapon I
 g - 2 scrolls of fog {unknown}
 h - a scroll of enchant weapon II {unknown}
 i - a scroll of magic mapping {unknown}
 o - a scroll of curse weapon {unknown}
Jewellery
 f - a ring of protection from magic (left hand)
Potions
 e - a potion of magic
 j - a potion of slowing
 l - a potion of mutation {unknown}
 m - a potion of brilliance {unknown}
 p - a potion of heal wounds {unknown}


   Skills:
 - Level 3.2 Fighting
 + Level 3.6 Dodging
 - Level 2.2 Stealth
 + Level 4.7 Unarmed Combat


You had 3 spell levels left.
You didn't know any spells.

Dungeon Overview and Level Annotations

Branches:
Dungeon (3/27)

Altars:


Message History

The orc hits you but does no damage.
Drink which item? (? for menu, Esc to quit)
You feel yourself slow down.
It was a potion of slowing.
The orc hits you but does no damage.
The orc priest calls upon Beogh to heal the orc.
The orc is healed somewhat.
You hit the orc.
You tail-slap the orc, but do no damage.
The orc is heavily wounded.
The orc hits you but does no damage. The orc barely misses you.
Drink which item? (? for menu, Esc to quit)
You suddenly lose the ability to move!
It was a potion of paralysis.
The orc hits you with an orcish dagger. The orc hits you with an orcish dagger.
* * * LOW HITPOINT WARNING * * *
The orc hits you with an orcish dagger.
* * * LOW HITPOINT WARNING * * *
The orc priest invokes the aid of Beogh against you.
Something smites you!
You die...

#### #.#..######.#..#
#.#..######.#..#
#..............#
##########..........>.#
.................#g#..#
..........#.####.#.#o##
#######..........#.#g#
........#.#.######.#.#
###.##..........@oo#o#
....##..#.#.########o#
...###..#.#.# #o# ....
#. #.#.# #o# .... #
#.#.# #.# . #.#)# #.#
.#.# ... .


You could see an orc priest and an orc.

Vanquished Creatures
  An adder (D:2)
  2 worms
  2 giant geckos (D:2)
  An ooze (D:2)
  4 orcs (D:3)
  2 giant cockroaches (D:1)
  5 hobgoblins
  5 kobolds
  A ball python (D:3)
  5 bats (D:1)
  A giant newt (D:3)
  6 goblins
  4 rats
39 creatures vanquished.

Notes
Turn   | Place    | Note
--------------------------------------------------------------
     0 | D:1      | Impy, the Draconian Monk, began the quest for the Orb.
     0 | D:1      | Reached XP level 1. HP: 17/17 MP: 0/0
   174 | D:1      | Reached XP level 2. HP: 24/24 MP: 1/1
   960 | D:2      | Reached XP level 3. HP: 30/30 MP: 2/2
  1452 | D:3      | Reached XP level 4. HP: 20/37 MP: 3/3
  1615 | D:3      | Paralysed by a potion of paralysis for 6 turns
  1619 | D:3      | Killed from afar by an orc priest

Action                   |  1- 3 |  4- 6 || total
-------------------------+-------+-------++-------
Melee: Unarmed           |   145 |    18 ||   163
  Use: Scroll            |     2 |       ||     2
       Potion            |       |     2 ||     2
 Stab: Sleeping          |     3 |       ||     3
